 Dungeon Crawl Stone Soup version 0.29.1-2-gbd0b4ee654 (webtiles) character file.

Game seed: 16949091492921810203

878 qeuew the Chopper (level 7, -6/57 HPs)
             Began as a Palentonga Fighter on Nov 8, 2022.
             Mangled by a gnoll
             ... wielding a +0 halberd
              (9 damage)
             ... on level 5 of the Dungeon.
             The game lasted 00:07:08 (4710 turns).

qeuew the Chopper (Palentonga Fighter)              Turns: 4710, Time: 00:07:08

Health: -6/57      AC: 14    Str: 28    XL:     7   Next: 75%
Magic:  10/10      EV:  8    Int: 10    God:
Gold:   211        SH:  4    Dex:  9    Spells: 9/10 levels left

rFire   + . .      SeeInvis +   a - +0 war axe
rCold   . . .      Faith    .   c - +0 buckler
rNeg    . . .      Spirit   .   b - +0 scale mail
rPois   .          Reflect  .   (no helmet)
rElec   .          Harm     .   (no cloak)
rCorr   .          Rampage  .   (no gloves)
Will    .....                   (no barding)
Stlth   ..........              (no amulet)
HPRegen 0.19/turn               f - ring of protection from fire
MPRegen 0.12/turn               g - +6 ring of strength

@: mighty, curled up
A: large, rugged brown scales 3, see invisible, deformed body, roll 1, armoured
tail, reflexive curl
a: Rolling Charge


You were on level 5 of the Dungeon.
You visited 1 branch of the dungeon, and saw 5 of its levels.

You collected 211 gold pieces.

Inventory:

Hand Weapons
 a - a +0 war axe (weapon)
Armour
 b - a +0 scale mail (worn)
 c - a +0 buckler (worn)
Jewellery
 f - a ring of protection from fire (left hand)
 g - a +6 ring of strength (right hand)
Scrolls
 i - a scroll of fear
 k - a scroll of summoning {unknown}
 m - a scroll of blinking
Potions
 e - a potion of curing
 h - a potion of flight
 j - a potion of haste


   Skills:
 + Level 4.1 Fighting
 * Level 4.3 Axes
 * Level 4.0 Armour
 + Level 2.1 Dodging
 + Level 3.7 Shields
 + Level 2.0 Spellcasting
 + Level 2.1 Conjurations
 + Level 1.8 Air Magic


You had 9 spell levels left.
You knew the following spells:

 Your Spells              Type           Power      Damage    Failure   Level
a - Shock                 Conj/Air       20%        1d4       34%         1

Your spell library contained the following spells:

 Spells                   Type           Power      Damage    Failure   Level
 Freeze                   Ice            4%         1d3       63%         1
 Slow                     Hex            4%         N/A       63%         1
 Swiftness                Air            4%         N/A       75%         3
 Confusing Touch          Hex            1%         N/A       94%         3
 Frozen Ramparts          Ice            2%         1d1       94%         3
 Vampiric Draining        Necr           1%         2d6       94%         3
 Airstrike                Air            2%         2d(1-17)  98%         4
 Hailstorm                Conj/Ice       3%         3d3       99%         4
 Blade Hands              Tmut           0%         N/A       100%        5
 Irradiate                Conj/Tmut      1%         3d12      100%        5
 Dragon Form              Tmut           0%         N/A       100%        7


Dungeon Overview and Level Annotations

Branches:
Dungeon (5/15)
 Temple: D:4-7

Altars:
Dithmenos
Hepliaklqana
Uskayaw


Innate Abilities, Weirdness & Mutations

You are completely covered in rugged brown scales. (AC +3, +7% HP)
You have supernaturally acute eyesight. (SInv)
Armour fits poorly on your strangely shaped body.
You can roll at nearby foes to attack.
You have a long armoured tail.
You curl defensively after being hit. (AC +7*)


Message History

The gnoll hits you from afar with a +0 spear.
You barely miss the adder. The adder closely misses you.
The gnoll hits you from afar with a +0 spear.
* * * LOW HITPOINT WARNING * * *
You block the adder's attack.
You closely miss the adder. The gnoll closely misses you. The adder bites you.
* * * LOW HITPOINT WARNING * * *
You are poisoned.
The adder poisons you!
The gnoll hits you from afar with a +0 spear.
* * * LOW HITPOINT WARNING * * *
You feel better. The adder bites you but does no damage.
The gnoll hits you from afar with a +0 spear.
* * * LOW HITPOINT WARNING * * *
The adder bites you but does no damage.
You feel very mighty all of a sudden. The adder bites you.
* * * LOW HITPOINT WARNING * * *
The gnoll barely misses you.
You miss the adder. The adder misses you.
The gnoll hits you from afar with a +0 spear.
* * * LOW HITPOINT WARNING * * *
You block the adder's attack.
You slash the adder!
You kill the adder!
The gnoll hits you from afar with a +0 spear.
* * * LOW HITPOINT WARNING * * *
The gnoll closely misses you. You block the gnoll's attack.
You completely miss the gnoll. You block the gnoll's attack.
The gnoll hits you but does no damage. The gnoll hits you with a +0 spear.
* * * LOW HITPOINT WARNING * * *
You barely miss the gnoll.
The gnoll hits you from afar with a +0 halberd.
* * * LOW HITPOINT WARNING * * *
The gnoll hits you but does no damage.
The gnoll hits you from afar with a +0 halberd.
* * * LOW HITPOINT WARNING * * *
You closely miss the gnoll. The gnoll barely misses you.
The gnoll hits you from afar with a +0 halberd!
You die...

#### #.##......#####
... ..#######.#
#.##### ###.#
..####.(########...#
..............#.P.#
###.....####.....#
##...## #..._.#
##.## #......... #@#
#...P.##.# #g#
.......# #


Ogr ...#...... ..8.. .........#.. ##...###...###.#### '#.#+ .#.# .##.# You could
see an ogre, 2 gnolls and a quokka.

Vanquished Creatures
  A steam dragon (D:5)
  An ice beast (D:5)
  An ogre (D:5)
  A phantom (D:4)
  2 necrophages
  A scorpion (D:4)
  A hound (D:5)
  Jessica (D:3)
  An iguana (D:4)
  5 gnolls
  8 adders
  A white imp (D:5)
  3 worms (D:2)
  14 dart slugs
  7 bats
  3 endoplasms
  6 giant cockroaches
  2 goblins (D:1)
  6 hobgoblins
  4 jackals (D:3)
  5 kobolds
  3 quokkas
  10 ball pythons
  A frilled lizard (D:2)
  3 rats (D:2)
91 creatures vanquished.

Notes
Turn   | Place    | Note
-------+----------+-------------------------------------------
     0 | D:1      | qeuew the Palentonga Fighter began the quest for the Orb.
     0 | D:1      | Reached XP level 1. HP: 19/19 MP: 1/1
   143 | D:1      | Reached XP level 2. HP: 25/25 MP: 2/2
   442 | D:1      | Learned a level 1 spell: Shock
   787 | D:2      | Reached XP level 3. HP: 30/31 MP: 3/3
   835 | D:2      | Found a faded altar of an unknown god.
  1011 | D:2      | Reached XP level 4. HP: 30/37 MP: 4/4
  1377 | D:2      | Reached skill level 1 in Dodging
  1703 | D:3      | Noticed a necrophage
  1718 | D:3      | Killed a necrophage
  1719 | D:3      | Reached skill level 1 in Spellcasting
  1719 | D:3      | Reached XP level 5. HP: 16/43 MP: 6/6
  2085 | D:3      | Reached skill level 1 in Conjurations
  2141 | D:3      | Found a hide-covered altar of Uskayaw.
  2272 | D:3      | Reached skill level 1 in Air Magic
  2294 | D:3      | Found a shadowy altar of Dithmenos.
  2860 | D:3      | Noticed Jessica
  2865 | D:3      | Killed Jessica
  3074 | D:4      | Noticed a phantom
  3089 | D:4      | Killed a phantom
  3090 | D:4      | Reached XP level 6. HP: 48/50 MP: 7/7
  3798 | D:4      | Gained mutation: You curl defensively after being hit. (AC
                  | +7*) [Palentonga growth]
  3798 | D:4      | Reached XP level 7. HP: 49/56 MP: 9/9
  4049 | D:5      | Entered Level 5 of the Dungeon
  4512 | D:5      | Noticed a steam dragon
  4527 | D:5      | Killed a steam dragon
  4670 | D:5      | Found a hazy altar of Hepliaklqana.
  4710 | D:5      | Mangled by a gnoll

Illustrated notes

Levels and vault maps discovered:
D:1:      amcnicky_arrival_double_pillar, layout_rooms
D:2:      layout_rooms, chequers_ecumenical_altar_simple
D:3:      kennysheep_slugbush, layout_basic, mainiacjoe_overflow_24_doors,
          overflow_temple_1_default, serial_co_window_serial, co_window_cross_1,
          co_window_paths_a, co_window_paths_a, co_window_paths_a,
          co_window_paths_b, co_window_paths_a, co_window_paths_b,
          co_window_broadway_c, co_window_broadway_c, co_window_2corner,
          co_window_corner_ca, co_window_paths_d, glass_columns_a,
          glass_columns_b, glass_columns_b, uniq_jessica
D:4:      layout_gridville
D:5:      cheibrodos_barr_body, layout_loops_corners,
          mainiacjoe_overflow_tiny_flanked, mainiacjoe_overflow_alcove_2,
          mainiacjoe_overflow_boulevard, serial_shops, nicolae_shop_waterfront,
          dk_noncrumbling_4, grunt_ministairs_11, dk_noncrumbling_2

Skill      XL: |  1  2  3  4  5  6  7 |
---------------+----------------------+-----
Shields        | 3 |  3.7
Dodging        | 1 2 |  2.1
Axes           | 3 4 |  4.3
Armour         | 3 4 |  4.0
Spellcasting   | 1 2 |  2.0
Conjurations   | 1 2 |  2.1
Air Magic      | 1 |  1.8
Fighting       | 4 |  4.1

Action                   |  1- 3 |  4- 6 |  7- 9 || total
-------------------------+-------+-------+-------++-------
Melee: War axe           |   109 |   151 |    46 ||   306
       Tailslap          |     6 |    18 |     4 ||    28
 Cast: Shock             |       |     2 |       ||     2
  Use: Potion            |     5 |     1 |     4 ||    10
       Scroll            |     1 |     5 |     1 ||     7
Armor: Scale mail        |    65 |    83 |    24 ||   172
Dodge: Dodged            |    48 |    72 |    25 ||   145
Block: Buckler           |    21 |    28 |    18 ||    67
